 Dungeon Crawl Stone Soup version 0.20.1-1-g8b1a95d (webtiles) character file.

2881 letownia2 the Thaumaturge (level 9, -1/73 HPs)
             Began as a Deep Dwarf Necromancer on Dec 27, 2017.
             Was an Initiate of Gozag.
             Slain by a black mamba (10 damage)
             ... on level 8 of the Dungeon.
             The game lasted 00:20:02 (6800 turns).

letownia2 the Thaumaturge (Deep Dwarf Necromancer)  Turns: 6800, Time: 00:20:02

Health: -1/73      AC:  7    Str: 13    XL:     9   Next: 48%
Magic:  13/22      EV: 10    Int: 16    God:    Gozag
Gold:   1068       SH:  0    Dex: 13    Spells: 23/27 levels left

rFire    . . .     SeeInvis .   a - +2 whip (pain)
rCold    . . .     Gourm    .   (no shield)
rNeg     + . .     Faith    .   m - +0 ring mail
rPois    .         Spirit   .   o - +0 helmet
rElec    .         Reflect  .   (no cloak)
rCorr    .         Harm     .   (no gloves)
MR       +....                  D - +0 pair of boots
Stlth    +.........             (no amulet)
Regen    0.0/turn               Q - ring of positive energy
MPRegen  0.2/turn               H - -2 ring of intelligence (curse)

@: non-regenerating, drained
A: damage resistance, heal wounds, sense surroundings 2, no regeneration
a: Heal Wounds, Potion Petition, Call Merchant, Bribe Branch, Renounce Religion


You were on level 8 of the Dungeon.
You worshipped Gozag.
Gozag was most pleased with you.
You were not hungry.

You visited 2 branches of the dungeon, and saw 9 of its levels.

You collected 1091 gold pieces.
You paid 23 gold pieces to Gozag.

Inventory:

Hand Weapons
 a - a +2 whip of pain (weapon)
 b - a +1 dagger of venom
 d - a +2 mace of crushing
 I - a +0 shortbow
 J - a +2 antimagic spear
 L - a +1 trident of venom
 N - a +0 battleaxe
Missiles
 g - a throwing net (quivered)
 s - 113 bolts
 O - 46 arrows
Armour
 k - a +0 buckler
 l - a +0 leather armour of magic resistance
 m - a +0 ring mail (worn)
 o - a +0 helmet (worn)
 u - a +2 robe
 D - a +0 pair of boots (worn)
Jewellery
 x - an uncursed ring of resist corrosion
 H - a cursed -2 ring of intelligence (right hand)
 Q - a ring of positive energy (left hand)
Wands
 C - a wand of polymorph (7/24)
 K - a wand of random effects (28/48)
Scrolls
 e - 5 scrolls of identify
 i - 2 scrolls of fear
 p - a scroll of amnesia {unknown}
 q - a scroll of immolation
 t - a scroll of enchant armour {unknown}
 y - a scroll of fog {unknown}
 B - a scroll of enchant weapon
 E - 2 scrolls of teleportation
 G - a scroll of noise {unknown}
 M - a scroll of remove curse {unknown}
Potions
 f - a potion of haste {unknown}
 j - 3 potions of lignification {unknown}
 n - 2 potions of mutation {unknown}
 r - a potion of resistance
 v - a potion of heal wounds {unknown}
 w - a potion of degeneration {unknown}
 z - 3 potions of berserk rage {unknown}
 A - 3 potions of curing {unknown}
 F - a potion of cancellation {unknown}
 R - a potion of brilliance {unknown}
Comestibles
 c - 6 bread rations
 h - a meat ration
 P - 2 fruits


   Skills:
 + Level 1.9(1.1) Fighting
 - Level 2.1(1.4) Dodging
 - Level 2.4(1.6) Stealth
 - Level 9.5(8.5) Spellcasting
 + Level 8.0(7.1) Necromancy
 + Level 3.1(2.2) Evocations


You had 23 spell levels left.
You knew the following spells:

 Your Spells              Type           Power        Failure   Level  Hunger
a - Pain                  Necr           ####         1%          1    None
v - Vampiric Draining     Necr           ####......   3%          3    #......


Dungeon Overview and Level Annotations

Branches:
Dungeon (8/15)             Temple (1/1) D:4
   Lair: D:8-11

Altars:
Ashenzari
Cheibriados
Dithmenos
Elyvilon
Fedhas
Gozag
Hepliaklqana
Kikubaaqudgha
Makhleb
Nemelex Xobeh
Okawaru
Qazlal
Ru
Sif Muna
Trog
Uskayaw
Vehumet
Xom
Yredelemnul
Zin
The Shining One

Annotations:
D:6 OnekoMk1's ghost, novice DEAE


Innate Abilities, Weirdness & Mutations

You are resistant to damage.
You can heal yourself by infusing magical energy.
You passively map the area around you.
You do not regenerate.


Message History

Press: ? - help, Shift-Dir - straight line, f/p - black mamba
Aim: a black mamba (moderately wounded)
The black mamba is severely wounded.
You feel life coursing into your body. The black mamba bites you.
The black mamba bites you!
* * * LOW HITPOINT WARNING * * *
Unknown command.
Unknown command.
Unknown command.
Casting: Vampiric Draining
Confirm with . or Enter, or press ? or * to list all spells.
Aiming: Vampiric Draining
Press: ? - help, Shift-Dir - straight line, f/p - black mamba
Aim: a black mamba (severely wounded)
The black mamba is almost dead.
You feel life coursing into your body.
The black mamba bites you but does no damage.
The black mamba bites you!
You die...
Your body crumbles into a pile of gold.

* #........., , ,
*#......... , * * *
#.=......, #........ ,
* #...#*** , * #...# ,
#.* * #.T.# ,, *#.
##S## * * .# #.* #@.#
*.###.## #..#
####.#..... #..#
##....#.#..#
##..####.....#.##..
#####...........##.....
#.......###..)...<.....
#.......# #......#.....
##.......#
#......#.#..#
#...#..[.#
#..##..#.....


You could see a black mamba and a troll.

Vanquished Creatures
  A troll (D:8)
  A hippogriff (D:7)
  Sigmund (D:2)
  A water moccasin (D:7)
  An orc warrior (D:6)
  A sky beast (D:5)
  4 ogres
  2 centaurs
  Blork the orc (D:6)
  A scorpion (D:4)
  A water moccasin skeleton (D:6)
  A wight (D:7)
  An electric eel (D:6)
  4 howler monkeys
  3 crimson imps
  2 jellies
  3 hounds
  5 orc priests
  2 bullfrog skeletons (D:3)
  7 orc wizards
  An iguana (D:5)
  3 worker ants
  2 killer bee zombies
  A hound skeleton (D:4)
  Robin (D:4)
  5 gnolls
  A worker ant zombie (D:5)
  14 adders
  A shadow imp (D:6)
  2 oozes
  2 adder zombies
  2 adder skeletons (D:4)
  2 worms
  2 dart slugs
  6 leopard geckos
  31 orcs
  2 ball pythons
  5 bats
  4 giant cockroaches
  20 goblins
  9 hobgoblins
  11 jackals
  6 kobolds
  2 quokkas
  6 frilled lizards
  A jackal zombie (D:5)
  5 rats
190 creatures vanquished.

Notes
Turn   | Place    | Note
-------+----------+-------------------------------------------
     0 | D:1      | letownia2 the Deep Dwarf Necromancer began the quest for the Orb.
     0 | D:1      | Reached XP level 1. HP: 15/15 MP: 3/3
   159 | D:2      | Found a hazy altar of Hepliaklqana.
   161 | D:2      | Found an ancient bone altar of Kikubaaqudgha.
   191 | D:3      | Reached skill level 2 in Spellcasting
   191 | D:3      | Reached XP level 2. HP: 19/22 MP: 0/5
   290 | D:3      | Reached skill level 5 in Necromancy
   348 | D:3      | Reached XP level 3. HP: 24/28 MP: 1/6
   388 | D:3      | Learned a level 3 spell: Vampiric Draining
   562 | D:2      | Found a shattered altar of Ashenzari.
   797 | D:4      | Noticed a scorpion
   804 | D:4      | Reached XP level 4. HP: 23/36 MP: 1/7
  1012 | D:4      | Found a shimmering altar of Xom.
  1089 | D:4      | Reached XP level 5. HP: 29/42 MP: 1/8
  1341 | D:4      | Noticed Robin
  1421 | D:3      | Reached skill level 3 in Spellcasting
  1421 | D:3      | Reached XP level 6. HP: 28/49 MP: 8/10
  1758 | D:4      | Reached skill level 4 in Spellcasting
  1889 | D:4      | Found a staircase to the Ecumenical Temple.
  1898 | Temple   | Entered the Ecumenical Temple
  2006 | Temple   | Became a worshipper of Gozag Ym Sagoz the Greedy
  2137 | D:4      | Reached XP level 7. HP: 42/55 MP: 8/13
  2152 | D:4      | Killed Robin
  3046 | D:2      | Found a blossoming altar of Fedhas.
  3113 | D:2      | Noticed Sigmund
  3119 | D:2      | Killed Sigmund
  3119 | D:2      | Reached skill level 5 in Spellcasting
  4050 | D:5      | Entered Level 5 of the Dungeon
  4225 | D:5      | Reached skill level 6 in Spellcasting
  4398 | D:5      | Reached XP level 8. HP: 35/62 MP: 2/17
  4833 | D:5      | Reached skill level 7 in Spellcasting
  5179 | D:6      | Noticed Blork the orc
  5182 | D:6      | Found a sacrificial altar of Ru.
  5190 | D:6      | Killed Blork the orc
  5312 | D:6      | Found a shadowy altar of Dithmenos.
  5348 | D:6      | Noticed OnekoMk1's ghost (novice DEAE)
  5355 | D:6      | Reached skill level 8 in Spellcasting
  5380 | D:6      | Found a sparkling altar of Nemelex Xobeh.
  5811 | D:7      | Noticed a hippogriff
  5821 | D:7      | Killed a hippogriff
  5840 | D:7      | Reached skill level 9 in Spellcasting
  5840 | D:7      | Gained mutation: You passively map the area around you. [Deep Dwarf growth]
  5840 | D:7      | Reached XP level 9. HP: 56/68 MP: 6/22
  6134 | D:7      | Found a glowing golden altar of the Shining One.
  6143 | D:7      | Noticed an angel
  6155 | D:7      | Found a basalt altar of Yredelemnul.
  6157 | D:7      | Noticed a profane servitor
  6326 | D:8      | Noticed a troll
  6334 | D:8      | Killed a troll
  6334 | D:8      | Reached skill level 1 in Fighting
  6334 | D:8      | Reached skill level 1 in Evocations
  6337 | D:8      | Noticed a wind drake
  6359 | D:8      | Noticed an elephant
  6754 | D:8      | Found a burning altar of Makhleb.
  6756 | D:8      | Found a glowing silver altar of Zin.
  6756 | D:8      | Noticed an angel
  6757 | D:8      | Noticed a blizzard demon
  6790 | D:8      | Noticed a troll
  6797 | D:8      | Noticed a black mamba
  6797 | D:8      | a hornet changed into a black mamba
  6800 | D:8      | Slain by a black mamba

Skill      XL: |  1  2  3  4  5  6  7  8  9 |
---------------+----------------------------+-----
Spellcasting   | 2 3 4 6 9 |  9.5
Necromancy     | 5 6 7 8 |  8.0
Fighting       | 1 |  1.9
Evocations     | 3 |  3.1
Dodging        | |  2.1
Stealth        | |  2.4

Action                   |  1- 3 |  4- 6 |  7- 9 || total
-------------------------+-------+-------+-------++-------
Melee: Whip              |       |    84 |   218 ||   302
       Falchion          |       |       |    17 ||    17
       Dagger            |       |       |    42 ||    42
 Fire: Shortbow          |       |       |    10 ||    10
 Cast: Pain              |    36 |    14 |   116 ||   166
       Vampiric Draining |     2 |    26 |    80 ||   108
Evoke: Wand              |       |       |     6 ||     6
  Use: Scroll            |       |       |     8 ||     8
 Stab: Distracted        |       |       |     1 ||     1
  Eat: Chunk             |       |     7 |       ||     7
       Meat ration       |       |       |     3 ||     3
       Royal jelly       |       |       |     2 ||     2
Armor: Leather armour    |     3 |     7 |       ||    10
       Ring mail         |       |    18 |   142 ||   160
Dodge: Dodged            |     9 |    61 |   199 ||   269
       Rpst.: Falchion   |       |       |     4 ||     4
